AoeStats
← FiveCarp4837322

Nomad

510688698Analyzed
4v4 RM · 1d ago on Oct 2, 2026· 41m 42s· 8 players
Game mode
Random Map
Map size
231×231
Population
200
Speed
Normal
Resources
Standard
Victory
Conquest
Starting age
Dark Age
Ending age
Imperial Age
RankedLock teamsTeams togetherTeam positionsShared explorationLock speedFull tech treeHidden civsTurbo modeCheats
Victory
Defeat
🇹🇼 Poles · Taiwan
1101
+12
🇺🇸 Dravidians · United States
1100
+12
🇹🇼 Spanish · Taiwan
1045
+14
🇦🇷 Dravidians · Argentina
948
+18
🇺🇸 Malay · United States
1035
-41
🇦🇷 Vikings · Argentina
1026
-15
🇲🇽 Dravidians · Mexico
1003
-14
🇺🇸 Franks · United States
943
-12
FiveCarp4837322
8:11 Loom
17:32 Feudal Age
21:43 Castle Age
20:48 Wheelbarrow
20:19 Double-Bit Axe
20:49 Scale Barding Armor
20:54 Forging
22:53 Gold Mining
23:26 Fishing Lines
25:16 Bow Saw
27:07 Gillnets
29:27 Iron Casting
28:38 Horse Collar
29:35 Heavy Plow
32:07 Fletching
32:17 Padded Archer Armor
32:43 Bodkin Arrow
34:16 Leather Archer Armor
37:58 Imperial Age
38:25 Blast Furnace
37:25 Bracer
38:58 Crop Rotation
38:51 Hand Cart
39:15 Gold Shaft Mining
41:21 Forced Levy
40:52 Man-at-Arms
41:37 Long Swordsman
Seceptania
5:41 Loom
15:13 Feudal Age
17:24 Fletching
20:11 Castle Age
18:26 Fishing Lines
20:41 Town Watch
21:31 Wheelbarrow
22:10 Bodkin Arrow
23:16 Medium Warships
kaiju
6:25 Loom
15:33 Feudal Age
16:27 Double-Bit Axe
24:37 Castle Age
25:47 Stone Mining
26:53 Wheelbarrow
26:50 Bow Saw
27:02 Forging
30:34 Scale Barding Armor
profe de geografia
3:47 Loom
6:12 Loom
13:08 Feudal Age
21:16 Castle Age
21:23 Stone Mining
21:23 Double-Bit Axe
21:31 Horse Collar
22:15 Gold Mining
22:19 Fishing Lines
23:39 Town Watch
23:55 Fletching
26:27 Fervor
27:11 Heavy Plow
27:17 Heavy Plow
29:22 Ballistics
31:54 Bodkin Arrow
32:32 Murder Holes
JamesWebbST
6:51 Loom
14:04 Feudal Age
15:11 Fishing Lines
16:04 Double-Bit Axe
20:18 Castle Age
18:17 Fletching
21:17 Medium Warships
22:10 Bodkin Arrow
25:22 Padded Archer Armor
27:00 Pikeman
30:48 Ballistics
32:45 Wheelbarrow
34:45 Crossbowman
36:01 Horse Collar
40:55 Imperial Age
41:10 Elite Elephant Archer
41:31 Arbalester
救不了你
4:37 Loom
14:41 Feudal Age
19:31 Castle Age
17:51 Horse Collar
18:25 Double-Bit Axe
19:15 Gold Mining
19:45 Stone Mining
21:04 Bow Saw
24:14 Wheelbarrow
24:03 Heavy Plow
28:06 Forging
27:56 Scale Mail Armor
28:02 Scale Barding Armor
27:56 Pikeman
28:36 Squires
28:22 Arson
32:22 Imperial Age
34:19 Chain Barding Armor
34:34 Iron Casting
34:14 Chain Mail Armor
34:34 Iron Casting
35:12 Husbandry
35:23 Bloodlines
34:34 Light Cavalry
36:16 Lechitic Legacy
36:59 Hand Cart
37:25 Crop Rotation
37:14 Winged Hussar
39:42 Blast Furnace
38:47 Fishing Lines
41:24 Conscription
MaxC
3:45 Loom
14:37 Feudal Age
19:37 Castle Age
18:14 Scale Barding Armor
18:19 Gold Mining
18:21 Double-Bit Axe
19:49 Forging
19:58 Horse Collar
21:40 Bloodlines
22:10 Chain Barding Armor
23:41 Bow Saw
24:13 Iron Casting
24:56 Wheelbarrow
24:25 Husbandry
26:44 Heavy Plow
26:58 Stone Mining
28:59 Hand Cart
28:39 Gold Mining
40:26 Imperial Age
40:35 Cavalier
knoxville2049
4:09 Loom
13:00 Feudal Age
13:46 Double-Bit Axe
14:00 Horse Collar
15:19 Man-at-Arms
15:45 Arson
19:34 Fletching
22:14 Wheelbarrow
22:52 Town Watch
25:58 Castle Age
23:59 Stone Mining
24:14 Scale Mail Armor
24:38 Forging
26:38 Bodkin Arrow
39:58 Squires
41:04 Bow Saw
Connection lost

Rejoining the realm…

Still unreachable

The connection could not be restored.

Session expired

The server has moved on; the page needs a fresh start.